 Dungeon Crawl Stone Soup version 0.16-b1 (webtiles) character file.

95 grisnicke the Caller (level 4, -1/30 HPs)
             Began as a Human Summoner on Mar 8, 2015.
             Killed from afar by an orc wizard (8 damage)
             ... with a magic dart
             ... on level 3 of the Dungeon.
             The game lasted 00:17:50 (2849 turns).

grisnicke the Caller (Human Summoner)               Turns: 2849, Time: 00:17:50

Health: -1/30      AC:  3    Str:  9    XL:     4   Next: 97%
Magic:  4/9        EV: 15    Int: 16    God:
Gold:   104        SH:  0    Dex: 13    Spells: 3 memorised, 3 levels left

rFire  . . .     SeeInvis .     a - +2 dagger (freeze)
rCold  + . .     Clarity  .     o - +0 robe
rNeg   . . .     SustAb   .     (no shield)
rPois  .         Gourm    .     (no helmet)
rElec  .         Spirit   .     h - +0 cloak
rCorr  .         Warding  .     (no gloves)
rMut   .         Stasis   .     (no boots)
MR     .....                    (no amulet)
Stlth  ++........               g - ring of protection from cold
                                d - +3 ring of evasion

@: not resistant to hostile enchantments, unstealthy
A: no striking features
a: no special abilities


You were on level 3 of the Dungeon.
You were not hungry.

You visited 1 branch of the dungeon, and saw 3 of its levels.

You collected 104 gold pieces.

Inventory:

Hand weapons
 a - a +2 dagger of freezing (weapon)
 b - a +0 hunting sling
 l - a +0 club
Missiles
 m - 5 tomahawks
 n - 50 stones (quivered)
 u - 18 poisoned needles
Armour
 e - a +0 leather armour
 h - a +0 cloak (worn)
 o - a +0 robe (worn)
Jewellery
 d - a +3 ring of evasion (left hand)
 g - a ring of protection from cold (right hand)
 p - an uncursed ring of teleportation
 r - an uncursed ring of teleport control {unknown}
Magical devices
 f - a wand of digging (18)
Potions
 i - a potion of curing
 j - a potion of flight
 q - a potion of haste
Books
 s - a book of Callings

   Spells                             Type                      Level
   a - Summon Small Mammal            Summoning                    1
   b - Call Imp                       Summoning                    2
   c - Call Canine Familiar           Summoning                    3
   d - Summon Guardian Golem          Hexes/Summoning              4
   e - Summon Lightning Spire         Summoning/Air                4
   f - Summon Ice Beast               Ice/Summoning                4
Comestibles
 c - 2 bread rations
 k - a slice of pizza
 t - a meat ration


   Skills:
 - Level 2.0 Dodging
 - Level 2.0 Stealth
 - Level 3.0 Spellcasting
 + Level 5.3 Summonings


You had 3 spell levels left.
You knew the following spells:

 Your Spells              Type           Power        Failure   Level  Hunger
a - Summon Small Mammal   Summ           ###.         1%          1    #......
b - Call Imp              Summ           ###.....     3%          2    ##.....
c - Call Canine Familiar  Summ           ###.....     8%          3    ###....


Dungeon Overview and Level Annotations

Branches:
Dungeon (3/15)

Altars:
Elyvilon
Nemelex Xobeh


Message History

Confirm with . or Enter, or press ? or * to list all spells.
A beastly little devil appears in a puff of frigid air.
You hear some strange, mumbled words.
The magic dart hits you! The orc hits you with a dagger.
You miss something. Something hits you but does no damage.
Your hound bites something.
The orc hits you with a dagger. Something hits you but does no damage.
Your white imp misses something.
Your hound misses something. You closely miss something. Something hits you.
The orc hits you with a dagger!
* * * LOW HITPOINT WARNING * * *
Your hound bites something.
Your white imp misses something.
You hit something. You freeze something. Something barely misses you.
Your hound barely misses something.
The orc hits you with a dagger.
* * * LOW HITPOINT WARNING * * *
Something hits you but does no damage.
Your hound bites something.
Your white imp closely misses something.
You miss something.
You hear some strange, mumbled words.
The magic dart hits you!
You die...

#..#.#.# #.##.#
#..#.#.###.##.#####
#......##..........
####..###.##.###.#####
#............##....)..
#####.###.##.##.......
######.###.##.....(....
#....5.h......##.####..
#.####@#####.>.....,+..
*,* #o# *#.##.##*#.(
***,***#g# #.##.# #..
*,,,,,*#K#**###+##+#**###
*****,*#K#,.....,,,,,,,,,
*,*#.#.......,,,****,
*,*#.(.g.....,,,* *,
*,*###.......,,,****, *,*
*......,,,,,,,,,


You could see an orc, a hobgoblin, 2 kobolds, a friendly hound and a friendly
white imp.

Vanquished Creatures
  Jessica (D:2)
  2 adders
  A worm (D:2)
  2 bats
  4 giant cockroaches
  A goblin (D:3)
  2 hobgoblins
  2 quokkas
  3 giant newts (D:2)
  2 jackals (D:1)
  3 kobolds (D:2)
  2 rats
25 creatures vanquished.

Vanquished Creatures (collateral kills)
  2 adders (D:2)
  3 worms (D:2)
  2 giant geckos
  An orc (D:3)
  3 hobgoblins
  A jackal (D:1)
  A kobold (D:2)
  A quokka (D:3)
  A bat (D:2)
  4 giant newts
  A goblin (D:1)
20 creatures vanquished.

Vanquished Creatures (others)
  A hound (D:3)
  A bat (D:1)
  A quokka (D:1)
  A rat (D:1)
4 creatures vanquished.

Grand Total: 49 creatures vanquished

Notes
Turn   | Place    | Note
--------------------------------------------------------------
     0 | D:1      | grisnicke, the Human Summoner, began the quest for the Orb.
     0 | D:1      | Reached XP level 1. HP: 13/13 MP: 3/3
   829 | D:1      | Reached XP level 2. HP: 14/19 MP: 0/4
   836 | D:1      | Learned a level 2 spell: Call Imp
  1278 | D:2      | Reached XP level 3. HP: 24/24 MP: 3/6
  1295 | D:2      | Found a white marble altar of Elyvilon.
  1421 | D:2      | Found a sparkling altar of Nemelex Xobeh.
  1434 | D:2      | Reached skill level 5 in Summonings
  1444 | D:2      | Learned a level 3 spell: Call Canine Familiar
  1623 | D:2      | Reached XP level 4. HP: 30/30 MP: 1/8
  1631 | D:2      | Noticed Jessica
  1668 | D:2      | Killed Jessica
  2849 | D:3      | Killed from afar by an orc wizard

Action                   |  1- 3 |  4- 6 || total
-------------------------+-------+-------++-------
Melee: Unarmed           |    15 |       ||    15
       Club              |     8 |       ||     8
       Dagger            |    38 |    45 ||    83
Throw: Stone             |    21 |    17 ||    38
 Cast: Summon Small Mamm |    18 |       ||    18
       Call Imp          |     9 |     6 ||    15
       Call Canine Famil |     2 |     6 ||     8
  Use: Scroll            |     3 |     6 ||     9
       Potion            |     1 |     3 ||     4
 Stab: Distracted        |       |     1 ||     1
       Sleeping          |       |     1 ||     1
  Eat: Chunk             |     3 |     5 ||     8
